 Dungeon Sprint DCSS version 0.19-a0-1462-g5650605 (webtiles) character file.

1799 Cupidatis the Jinx (level 8, -1/44 HPs)
             Began as a Spriggan Enchanter on Sept 7, 2016.
             Was a Follower of Dithmenos.
             Killed by an exploding giant spore (16 damage)
             ... in the Dungeon (Sprint I: "Red Sonja").
             The game lasted 00:04:34 (358 turns).

Cupidatis the Jinx (Spriggan Enchanter)              Turns: 358, Time: 00:04:34

Health: -1/44      AC:  5    Str:  4    XL:     8   Next: 83%
Magic:  25/25      EV: 18    Int: 18    God:    Dithmenos [*.....]
Gold:   358        SH:  0    Dex: 17    Spells: 4 memorised, 22 levels left

rFire  . . .     SeeInvis +     a - +1 dagger
rCold  . . .     Gourm    .     b - +1 robe
rNeg   . . .     Faith    .     (shield restricted)
rPois  .         Spirit   .     n - +2 hat
rElec  .         Dismiss  .     (no cloak)
rCorr  .         Reflect  .     (gloves unavailable)
MR     +....     Harm     .     (boots unavailable)
Stlth  ++........ NoTele   +    (no amulet)
                                (no ring)
                                (no ring)

@: confused, wreathed by umbra, very quick
A: unfitting armour, see invisible, herbivore 3, speed 3, slow metabolism 2
a: Renounce Religion


You were in the Dungeon.
You worshipped Dithmenos.
Dithmenos was aware of your devotion.
You were not hungry.

You visited 1 branch You collected 550 gold pieces.
You spent 192 gold pieces at shops.

Inventory:

Hand Weapons
 a - a +1 dagger (weapon)
 m - a +0 short sword of draining
Armour
 b - a +1 robe (worn)
 n - a +2 hat (worn)
Wands
 i - a wand of digging (10/24)
 l - a wand of lightning (5/15)
Scrolls
 j - a scroll of blinking
Potions
 e - a potion of curing
 f - a potion of heal wounds
 g - 2 potions of haste
 h - 2 potions of magic
 k - a potion of flight {unknown}
Books
 c - a book of Maledictions

   Spells                             Type                      Level
   a - Corona                         Hexes                        1
   b - Ensorcelled Hibernation        Hexes/Ice                    2
   c - Confuse                        Hexes                        3
   d - Tukima's Dance                 Hexes                        3
   e - Dazzling Spray                 Conjuration/Hexes            3
Comestibles
 d - a bread ration


   Skills:
 + Level 5.5 Fighting
 + Level 9.8 Short Blades
 - Level 3.0 Dodging
 - Level 9.4 Stealth
 - Level 12.2 Spellcasting
 + Level 13.2 Hexes
 + Level 3.9 Invocations


You had 22 spell levels left.
You knew the following spells:

 Your Spells              Type           Power        Failure   Level  Hunger
a - Corona                Hex            ######.      1%          1    None
b - Ensorcelled Hibernat  Hex/Ice        ####..       1%          2    None
c - Confuse               Hex            ######..     1%          3    None
d - Dazzling Spray        Conj/Hex       ####..       1%          3    None


Dungeon Overview and Level Annotations

Branches:
Dungeon (1/1)

Altars:
Cheibriados
Dithmenos
Elyvilon
Fedhas
Gozag
Hepliaklqana
Kikubaaqudgha
Makhleb
Nemelex Xobeh
Okawaru
Qazlal
Ru
Sif Muna
Trog
Uskayaw
Vehumet
Xom
Yredelemnul
Zin
The Shining One
Jiyva
Lugonu

Shops:
D [


Innate Abilities, Weirdness & Mutations

You are tiny and cannot use many weapons and most armour.
You have supernaturally acute eyesight. (SInv)
You are a herbivore.
You cover ground extremely quickly.
You need consume almost no food.


Message History

Magic restored.
Okay, then.
There is an open door here.
There is an open door here.
There is an open door here.
There is an open door here.
You open the door. 2 giant spores come into view.
Found five items.
The giant spore explodes!
The explosion of spores engulfs you!
You are confused.
Ouch! That really hurt!
A fungus suddenly grows. x2
The explosion of spores engulfs the giant spore.
The giant spore explodes!
The explosion of spores engulfs the ballistomycete.
The explosion of spores engulfs you!
You are more confused.
You die...

#..#_____##'#..+≈§≈§
#⌠⌠#_.∩..%'..._#§§§§c
####_..__##_.#'# +###
#_____###'#(#
#########.### +...+
#...# ##P## #@#
#$!P!$# #$?)($#
#######


There were no monsters in sight!

Vanquished Creatures
  Sonja (D)
  2 kobold demonologists (D)
  A slime creature (D)
  Sigmund (D)
  A yak (D)
  A giant eyeball (D)
  An ogre (D)
  A jelly (D)
  Ijyb (D)
10 creatures vanquished.

Notes
Turn   | Place    | Note
-------+----------+-------------------------------------------
     0 | D        | Cupidatis the Spriggan Enchanter began the quest for the Orb.
     0 | D        | Reached XP level 1. HP: 9/9 MP: 5/5
     2 | D        | Noticed Ijyb
     7 | D        | Killed Ijyb
     7 | D        | Reached skill level 5 in Hexes
     7 | D        | Reached XP level 2. HP: 13/13 MP: 6/8
    33 | D        | Learned a level 2 spell: Ensorcelled Hibernation
    33 | D        | Noticed an ogre
    36 | D        | Killed an ogre
    36 | D        | Reached skill level 7 in Hexes
    36 | D        | Reached XP level 3. HP: 16/16 MP: 8/12
    36 | D        | Reached XP level 4. HP: 21/21 MP: 9/14
    72 | D        | Noticed Sigmund
    75 | D        | Killed Sigmund
    75 | D        | Reached skill level 9 in Hexes
    75 | D        | Reached XP level 5. HP: 24/24 MP: 14/17
   104 | D        | Learned a level 3 spell: Confuse
   108 | D        | Learned a level 3 spell: Dazzling Spray
   119 | D        | Found a deep blue altar of Sif Muna.
   121 | D        | Found a radiant altar of Vehumet.
   125 | D        | Reached XP level 6. HP: 28/28 MP: 17/19
   139 | D        | Found a viscous altar of Jiyva.
   139 | D        | Found a corrupted altar of Lugonu.
   139 | D        | Noticed a slime creature
   140 | D        | Found a burning altar of Makhleb.
   140 | D        | Found a shimmering altar of Xom.
   144 | D        | Killed a slime creature
   144 | D        | Reached skill level 10 in Spellcasting
   144 | D        | Reached skill level 10 in Hexes
   172 | D        | Noticed Sonja
   175 | D        | Killed Sonja
   175 | D        | Reached skill level 12 in Hexes
   175 | D        | Reached XP level 7. HP: 37/37 MP: 18/23
   175 | D        | Reached XP level 8. HP: 42/42 MP: 19/25
   211 | D        | Found Kiomiub's Armour Emporium.
   211 | D        | Found an ancient bone altar of Kikubaaqudgha.
   211 | D        | Found a hazy altar of Hepliaklqana.
   211 | D        | Found a stormy altar of Qazlal.
   211 | D        | Found a hide-covered altar of Uskayaw.
   211 | D        | Found a blossoming altar of Fedhas.
   211 | D        | Found a bloodstained altar of Trog.
   211 | D        | Found an iron altar of Okawaru.
   211 | D        | Found a basalt altar of Yredelemnul.
   211 | D        | Found a glowing golden altar of the Shining One.
   211 | D        | Found a snail-covered altar of Cheibriados.
   211 | D        | Found a sacrificial altar of Ru.
   211 | D        | Found a glowing silver altar of Zin.
   211 | D        | Found a shadowy altar of Dithmenos.
   211 | D        | Found a white marble altar of Elyvilon.
   212 | D        | Found an opulent altar of Gozag.
   214 | D        | Found a sparkling altar of Nemelex Xobeh.
   219 | D        | Bought a +2 hat for 192 gold pieces
   228 | D        | Became a worshipper of Dithmenos the Shadowed
   239 | D        | Noticed a centaur warrior
   258 | D        | Noticed a kobold demonologist
   259 | D        | Noticed a kobold demonologist
   264 | D        | Killed a kobold demonologist
   267 | D        | Killed a kobold demonologist
   267 | D        | Reached skill level 5 in Fighting
   267 | D        | Reached skill level 13 in Hexes
   270 | D        | Reached * piety under Dithmenos
   358 | D        | Killed by an exploding giant spore

Vault maps used:
D:        dungeon_sprint_1

Skill      XL: |  1  2  3  4  5  6  7  8 |
---------------+-------------------------+-----
Short Blades   | 3 6 8 9 |  9.8
Stealth        | 6 9 |  9.4
Spellcasting   | 4 7 9 12 | 12.2
Hexes          | 5 7 9 12 13 | 13.2
Fighting       | 3 5 |  5.5
Invocations    | 3 |  3.9
Dodging        | |  3.0

Action                   |  1- 3 |  4- 6 |  7- 9 || total
-------------------------+-------+-------+-------++-------
Melee: Dagger            |     4 |     5 |     4 ||    13
 Cast: Ensorcelled Hiber |       |     2 |     6 ||     8
       Confuse           |       |       |     1 ||     1
  Use: Potion            |     1 |       |       ||     1
 Stab: Sleeping          |     2 |     5 |     3 ||    10
       Confused          |       |       |     1 ||     1
Armor: Robe              |       |       |     3 ||     3
Dodge: Dodged            |     1 |       |     5 ||     6
